AoeStats
← MattAtArms

Arabia

507517172Analyzed
1v1 RM · 14d ago on Sep 18, 2026· 55m 19s· 2 players
Game mode
Random Map
Map size
Tiny (2 player)
Population
200
Speed
Normal
Resources
Standard
Victory
Conquest
Starting age
Dark Age
Ending age
Imperial Age
RankedLock teamsTeams togetherTeam positionsShared explorationLock speedFull tech treeHidden civsTurbo modeCheats
Victory
Defeat
🇬🇧 Saracens · United Kingdom
1866
+17
🇧🇪 Bulgarians · Belgium
1888
-17
MattAtArms
6:07 Loom
9:10 Feudal Age
9:56 Double-Bit Axe
9:35 Man-at-Arms
11:07 Double-Bit Axe
13:21 Fletching
20:12 Castle Age
18:46 Gold Mining
19:11 Padded Archer Armor
19:17 Horse Collar
20:19 Crossbowman
20:55 Bodkin Arrow
23:57 Bow Saw
23:44 Horse Collar
26:20 Ballistics
30:22 Wheelbarrow
29:32 Town Watch
38:52 Imperial Age
37:15 Thumb Ring
38:21 Leather Archer Armor
38:43 Hand Cart
39:35 Bracer
40:39 Chemistry
39:09 Elite Skirmisher
39:12 Arbalester
40:15 Conscription
40:26 Scale Barding Armor
41:48 Hand Cart
41:36 Heavy Plow
42:32 Chain Barding Armor
42:23 Forging
42:45 Bloodlines
42:59 Heavy Camel Rider
44:36 Plate Barding Armor
47:13 Iron Casting
47:41 Ring Archer Armor
49:42 Blast Furnace
50:37 Light Cavalry
52:30 Hoardings
52:07 Masonry
52:05 Siege Engineers
51:30 Hussar
55:33 Husbandry
acherafo1234
7:35 Loom
9:50 Feudal Age
11:01 Double-Bit Axe
17:31 Fletching
18:16 Forging
18:24 Padded Archer Armor
18:41 Scale Mail Armor
18:46 Arson
20:28 Wheelbarrow
24:22 Castle Age
22:50 Gold Mining
23:36 Scale Barding Armor
25:22 Bloodlines
25:35 Chain Barding Armor
28:22 Bow Saw
35:01 Elite Skirmisher
36:38 Horse Collar
37:37 Hand Cart
37:55 Bodkin Arrow
38:38 Ballistics
42:29 Imperial Age
42:16 Town Watch
43:12 Bracer
43:49 Plate Barding Armor
42:37 Cavalier
43:18 Husbandry
43:22 Bracer
43:54 Leather Archer Armor
46:41 Heavy Plow
46:11 Light Cavalry
47:02 Forging
47:43 Leather Archer Armor
48:59 Chain Mail Armor
49:11 Pikeman
51:41 Light Cavalry
53:02 Plate Mail Armor
54:53 Iron Casting
54:44 Conscription
Connection lost

Rejoining the realm…

Still unreachable

The connection could not be restored.

Session expired

The server has moved on; the page needs a fresh start.